AoeStats
← Infadel

Arabia

508937577Analyzed
1v1 RM · 8d ago on Sep 24, 2026· 48m 35s· 2 players
Game mode
Random Map
Map size
Tiny (2 player)
Population
200
Speed
Normal
Resources
Standard
Victory
Conquest
Starting age
Dark Age
Ending age
Imperial Age
RankedLock teamsTeams togetherTeam positionsShared explorationLock speedFull tech treeHidden civsTurbo modeCheats
Victory
Defeat
🇮🇳 Mongols · India
1087
+15
🇨🇿 Bohemians · Czechia
1066
-15
Ratmamahatma
7:45 Loom
10:23 Feudal Age
10:29 Man-at-Arms
11:13 Horse Collar
11:50 Double-Bit Axe
12:54 Scale Mail Armor
17:31 Fletching
25:18 Castle Age
24:18 Scale Barding Armor
24:57 Padded Archer Armor
25:42 Forging
26:28 Wheelbarrow
26:46 Bodkin Arrow
26:53 Pikeman
27:56 Town Watch
28:15 Squires
29:03 Husbandry
30:19 Leather Archer Armor
32:14 Elite Skirmisher
33:56 Hand Cart
34:39 Bow Saw
37:47 Chain Barding Armor
38:03 Iron Casting
38:18 Ballistics
39:04 Fervor
46:02 Imperial Age
43:46 Long Swordsman
46:11 Chain Mail Armor
47:08 Conscription
47:54 Chemistry
47:05 Masonry
Infadel
9:25 Feudal Age
7:40 Loom
22:10 Castle Age
25:24 Scale Barding Armor
25:57 Double-Bit Axe
26:17 Town Watch
27:21 Forging
28:51 Wheelbarrow
28:47 Horse Collar
29:22 Bloodlines
34:42 Bow Saw
35:44 Chain Barding Armor
36:27 Husbandry
36:35 Heavy Plow
38:49 Gold Mining
41:31 Padded Archer Armor
41:21 Fletching
42:10 Iron Casting
45:27 Imperial Age
44:15 Gold Shaft Mining
43:30 Stone Mining
43:52 Bodkin Arrow
43:57 Padded Archer Armor
45:56 Leather Archer Armor
47:46 Bracer
Connection lost

Rejoining the realm…

Still unreachable

The connection could not be restored.

Session expired

The server has moved on; the page needs a fresh start.